 Dungeon Crawl Stone Soup version 0.27-a0-998-g4cfe56dd59 (webtiles) character file.

Game seed: 7940420500350814590

22547 Lugonue the Covert (level 12, -17/64 HPs)
             Began as a Spriggan Berserker on Apr 16, 2021.
             Was a Priest of Trog.
             Hit by a large rock thrown by a cyclops (37 damage)
             ... on level 11 of the Dungeon.
             The game lasted 00:33:09 (13900 turns).

Lugonue the Covert (Spriggan Berserker)            Turns: 13900, Time: 00:33:10

Health: -17/64     AC:  9    Str: 23    XL:     12   Next: 64%
Magic:  0/13       EV: 25    Int:  6    God:    Trog [***...]
Gold:   1520       SH:  0    Dex: 16    Spells: 11/11 levels left

rFire    . . .     SeeInvis +   h - +2 short sword (vamp)
rCold    + + .     Faith    .   (shield restricted)
rNeg     + + +     Spirit   +   l - +0 acid dragon scales
rPois    +         Reflect  .   (helmet restricted)
rElec    .         Harm     .   n - +1 cloak {rPois}
rCorr    +         Rampage  .   (gloves unavailable)
Will     ++++.                  (boots unavailable)
Stlth    ++++++....             z - amulet of guardian spirit
HPRegen  1.20/turn              F - ring "Fuschoaje" {rPois rC+ rN+++ rCorr Int-2}
MPRegen  0.13/turn              I - ring of Miracles {rPois rC+ Str+6 SInv}

@: on berserk cooldown, regenerating, slowed, quick
A: very small, no large weapons, unfitting armour, see invisible, speed 3
a: Renounce Religion, Berserk, Trog's Hand


You were on level 11 of the Dungeon.
You worshipped Trog.
Trog was most pleased with you.
You visited 1 branch of the dungeon, and saw 11 of its levels.
You also visited: Sewer.

You collected 1520 gold pieces.

Inventory:

Hand Weapons
 a - a +0 mace
 h - a +2 vampiric short sword (weapon)
 J - a +2 antimagic dagger
Missiles
 y - a throwing net
 E - 9 atropa-tipped darts
 H - a curare-tipped dart
Armour
 e - a +2 robe of resistance
 l - +0 acid dragon scales (worn)
 n - a +1 cloak of poison resistance (worn)
Jewellery
 k - a ring of protection from fire
 q - a +4 ring of evasion
 w - a +6 ring of intelligence
 z - an amulet of guardian spirit (around neck)
 F - the ring "Fuschoaje" (left hand) {rPois rC+ rN+++ rCorr Int-2}
   (You acquired it on level 10 of the Dungeon)

   [ring of poison resistance]

   It affects your intelligence (-2).
   It protects you from cold.
   It protects you from poison.
   It renders you almost immune to negative energy.
   It protects you from acid and corrosion.
 I - the ring of Miracles (right hand) {rPois rC+ Str+6 SInv}
   (You found it on level 7 of the Dungeon)

   [ring of protection from cold]

   It affects your strength (+6).
   It protects you from cold.
   It protects you from poison.
   It lets you see invisible.
 N - a ring of willpower
Wands
 g - a wand of charming (10)
 j - a wand of digging (7)
 t - a wand of acid (4)
 u - a wand of mindburst (17) (quivered)
 A - a wand of iceblast (19)
 K - a wand of flame (42)
Scrolls
 b - 2 scrolls of magic mapping
 r - 2 scrolls of fog
 x - 2 scrolls of noise
 C - 5 scrolls of enchant weapon
 D - a scroll of enchant armour
Potions
 c - 2 potions of haste
 d - 2 potions of flight
 f - 8 potions of curing
 i - 3 potions of magic
 m - 2 potions of mutation
 o - a potion of cancellation
 p - 2 potions of might
 v - a potion of berserk rage {unknown}
 B - a potion of lignification {unknown}
 L - a potion of brilliance {unknown}
 O - a potion of attraction {unknown}
Miscellaneous
 G - a phantom mirror


   Skills:
 * Level 8.0 Fighting
 - Level 12.0 Short Blades
 - Level 2.8 Maces & Flails
 + Level 0.8 Throwing
 + Level 4.2 Armour
 * Level 13.6 Dodging
 * Level 14.8 Stealth
 + Level 1.6 Evocations


You had 11 spell levels left.
You didn't know any spells.
Your spell library was empty.

Dungeon Overview and Level Annotations

Branches:
Dungeon (11/15)            Temple (0/1) D:4           Sewer (visited)
   Lair: D:8-11         Orc: D:9-12

Altars:
Ashenzari
Cheibriados
Fedhas
Gozag
Kikubaaqudgha
Makhleb
Okawaru
Trog
Xom
The Shining One

Shops:
D:3 *   D:4 :   D:11 *

Annotations:
D:5 1 runed translucent door, TheNamelessOne's ghost, novice OpDe
D:8 2 transporters


Innate Abilities, Weirdness & Mutations

You are very small and have problems with some larger weapons.
You are too small for most types of armour.
You have supernaturally acute eyesight. (SInv)
You cover ground extremely quickly. (Speed+++)


Message History

The centaur warrior hits you with a +2 trident of protection!
The centaur warrior completely misses you.
You closely miss the centaur warrior.
The centaur warrior is moderately wounded.
The centaur warrior completely misses you. x2
The centaur warrior hits you with a +2 trident of protection!
The centaur warrior kicks you.
You hit the centaur warrior.
The centaur warrior is moderately wounded.
The centaur warrior barely misses you.
The centaur warrior kicks you but does no damage.
Your skin crawls.
You feel strong-willed.
The centaur warrior completely misses you.
The centaur warrior barely misses you.
The centaur warrior hits you with a +2 trident of protection!
The centaur warrior kicks you but does no damage.
The cyclops hits you.
You hit the centaur warrior but do no damage.
The centaur warrior is moderately wounded.
The centaur warrior hits you with a +2 trident of protection.
The centaur warrior kicks you but does no damage.
Unknown command.
The centaur warrior hits you from afar with a +2 trident of protection!!
* * * LOW HITPOINT WARNING * * *
Okay, then.
You feel much better.
The centaur warrior hits you from afar with a +2 trident of protection!
* * * LOW HITPOINT WARNING * * *
The centaur warrior hits you from afar with a +2 trident of protection!
* * * LOW HITPOINT WARNING * * *
The cyclops completely misses you. The centaur warrior closely misses you.
You feel much better.
The orc knight shouts!
The centaur warrior hits you from afar with a +2 trident of protection!
* * * LOW HITPOINT WARNING * * *
The cyclops misses you. The centaur warrior closely misses you.
The cyclops throws a large rock.
The large rock hits you!!!
Ouch! That really hurt!
You die...

#.oo## .#..# .....#.......##.
###.O## .. ###.###.#.... ##..
##c.###.##. #)#.#)#....# #...
##.#.o.###.##...##.#.# ###... #
#...#.#......#......###....#
######.### ..# ##...##.#.#..##..#
...##..###.##..#.#.#}#....####..#
......##.. ..#.###.###.#..#####..
.....##.#####.#.@.....#....).###.
....##.#.RR..#.#.#C#.########.###
##..#.#R.###..#..c...#...[...## #
....#.#.#...#.#..#.#.)###########
###...#.#.#R#.#..#(#.#.........#.
#.#.#.#...#.#.o#.#)##########.#
#.#.#..###..#......# .......##
#.##.#.....#.###.###.##########
#..##.#####.##.[...##T.....รท##.


You could see an orc knight, a centaur warrior, a cyclops and an orc
(wandering).

Vanquished Creatures
  A rakshasa (D:11)
  Erolcha (D:9)
  A boulder beetle (D:8)
  2 centaur warriors
  3 two-headed ogres
  2 death knights
  A tengu warrior (D:8)
  Nergalle (D:11)
  A deep elf pyromancer (D:10)
  An ugly thing (D:8)
  2 manticores
  2 cyclopes
  Joseph (D:10)
  A gargoyle (D:8)
  Maggie (D:8)
  An unseen horror (D:11)
  Psyche (D:10)
  A yaktaur (D:11)
  A freezing wraith (D:11)
  6 trolls
  2 slime creatures (D:11)
  Sigmund (D:4)
  2 shadows (D:11)
  A vampire (D:10)
  Eustachio (D:5)
  5 humans (D:7)
  2 wraiths
  2 wyverns
  6 yaks
  A steam dragon (D:8)
  4 vampire mosquitoes
  3 acid dragons (D:11)
  5 water moccasins
  4 orc warriors
  A black bear (D:4)
  2 sky beasts
  An ice beast (D:8)
  A necrophage (D:6)
  An ogre (D:4)
  7 centaurs
  A phantom (D:6)
  2 kobold brigands (D:10)
  5 bullfrogs
  2 scorpions
  2 water moccasin skeletons (D:4)
  9 killer bees
  A wight (D:9)
  An electric eel (D:8)
  5 howler monkeys (D:9)
  3 centaur zombies
  2 jellies (D:6)
  Crazy Yiuf (D:6)
  A bullfrog zombie (D:6)
  6 hounds
  4 orc priests
  2 centaur skeletons
  2 iguanas
  8 orc wizards
  A mummy (D:7)
  2 hound skeletons
  A howler monkey zombie (D:11)
  7 adders
  11 gnolls
  5 river rats (Sewer)
  4 white imps
  4 worms
  3 dart slugs
  27 orcs
  8 bats
  7 endoplasms
  4 giant cockroaches
  10 goblins
  8 hobgoblins
  4 jackals
  26 kobolds
  5 quokkas
  6 ball pythons
  13 frilled lizards
  13 rats
309 creatures vanquished.

Vanquished Creatures (collateral kills)
  A hornet zombie (D:8)
1 creature vanquished.

Vanquished Creatures (others)
  A hound (D:4)
  An adder (D:4)
  An orc (D:4)
  A goblin (D:4)
  A hobgoblin (D:4)
  A jackal (D:4)
  2 kobolds (D:4)
  11 plants
19 creatures vanquished.

Grand Total: 329 creatures vanquished

Notes
Turn   | Place    | Note
-------+----------+-------------------------------------------
     0 | D:1      | Lugonue the Spriggan Berserker began the quest for the Orb.
     0 | D:1      | Reached XP level 1. HP: 11/11 MP: 2/2
    65 | D:1      | Reached XP level 2. HP: 10/16 MP: 3/3
   671 | D:1      | Reached XP level 3. HP: 19/19 MP: 4/4
   934 | D:1      | Reached ** piety under Trog
  1651 | D:2      | Found a faded altar of an unknown god.
  2164 | D:2      | Reached skill level 1 in Stealth
  2164 | D:2      | Reached XP level 4. HP: 14/24 MP: 5/5
  2381 | D:2      | Found a broken altar of Ashenzari.
  2605 | D:2      | Reached skill level 1 in Short Blades
  2652 | D:2      | Reached skill level 5 in Dodging
  3355 | D:3      | Reached XP level 5. HP: 28/28 MP: 6/6
  3696 | D:3      | Found an opulent altar of Gozag.
  3700 | D:3      | Found Gozag's Platinum Reserve.
  4161 | D:4      | Noticed Sigmund
  4171 | D:4      | Killed Sigmund
  4172 | D:4      | Reached skill level 3 in Stealth
  4172 | D:4      | Reached XP level 6. HP: 32/32 MP: 7/7
  4313 | D:4      | Found a shimmering altar of Xom.
  4513 | D:4      | Found a blossoming altar of Fedhas.
  4550 | D:4      | Noticed a water moccasin
  4574 | D:4      | Killed a water moccasin
  4575 | D:4      | Reached skill level 4 in Stealth
  4712 | D:4      | Found a glowing drain.
  4725 | Sewer    | Entered a sewer
  4822 | Sewer    | Reached XP level 7. HP: 36/36 MP: 8/8
  4878 | Sewer    | Reached *** piety under Trog
  5140 | D:4      | Reached skill level 5 in Stealth
  5157 | D:4      | Found a burning altar of Makhleb.
  5184 | D:4      | Reached skill level 5 in Short Blades
  5289 | D:4      | Reached skill level 6 in Stealth
  5564 | D:4      | Found a broken altar of Ashenzari.
  5637 | D:4      | Found Keremily's Book Shop.
  5676 | D:4      | Found a staircase to the Ecumenical Temple.
  5930 | D:5      | Entered Level 5 of the Dungeon
  6096 | D:5      | Reached XP level 8. HP: 40/40 MP: 9/9
  6201 | D:5      | Reached skill level 7 in Stealth
  6331 | D:5      | Found a runed translucent door.
  6349 | D:5      | Noticed TheNamelessOne's ghost (novice OpDe)
  6360 | D:5      | Noticed Eustachio
  6386 | D:5      | Killed Eustachio
  6695 | D:5      | Reached **** piety under Trog
  6772 | D:5      | Reached skill level 8 in Stealth
  6916 | D:5      | Found a bloodstained altar of Trog.
  7215 | D:6      | Identified a scroll of acquirement
  7215 | D:6      | Acquired 824 gold pieces
  7772 | D:6      | Reached XP level 9. HP: 41/45 MP: 10/10
  7799 | D:6      | Reached skill level 9 in Stealth
  7896 | D:6      | Found a runed translucent door.
  7897 | D:6      | Noticed Crazy Yiuf
  8017 | D:6      | Killed Crazy Yiuf
  8344 | D:7      | Reached skill level 10 in Stealth
  8502 | D:7      | Found a snail-covered altar of Cheibriados.
  8571 | D:7      | Reached skill level 10 in Short Blades
  8643 | D:7      | Identified the ring of Miracles {rPois rC+ Str+6 SInv}
  8791 | D:7      | Found a glowing golden altar of the Shining One.
  9039 | D:8      | Found an iron altar of Okawaru.
  9067 | D:8      | You fall into a shaft and drop 1 floor!
  9068 | D:9      | Noticed Maggie
  9096 | D:8      | Killed Maggie
  9161 | D:8      | Reached XP level 10. HP: 51/51 MP: 11/11
  9219 | D:8      | Found a transporter.
  9327 | D:8      | Reached skill level 11 in Stealth
  9611 | D:8      | Found a transporter.
  9822 | D:8      | Noticed a purple ugly thing
  9833 | D:8      | Killed a purple ugly thing
  9859 | D:8      | Noticed a manticore
  9862 | D:8      | Killed a manticore
  9863 | D:8      | Reached skill level 1 in Armour
  9864 | D:8      | Noticed a gargoyle
  9866 | D:8      | Noticed a centaur warrior
  9886 | D:8      | Killed a gargoyle
  9900 | D:8      | Noticed a death knight
  9903 | D:8      | Killed a death knight
  9904 | D:8      | Reached skill level 10 in Dodging
  9933 | D:8      | Killed a centaur warrior
  9934 | D:8      | Reached skill level 5 in Fighting
 10163 | D:8      | Noticed a cyclops
 10166 | D:8      | Killed a cyclops
 10167 | D:8      | Reached skill level 12 in Stealth
 10168 | D:8      | Noticed a tengu warrior
 10203 | D:8      | Killed a tengu warrior
 10204 | D:8      | Reached XP level 11. HP: 50/55 MP: 7/12
 10243 | D:8      | Noticed a boulder beetle
 10266 | D:8      | Killed a boulder beetle
 10747 | D:9      | Noticed Erolcha
 10781 | D:9      | Killed Erolcha
 11042 | D:9      | Found an ancient bone altar of Kikubaaqudgha.
 11285 | D:10     | Entered Level 10 of the Dungeon
 11559 | D:10     | Acquired the ring "Fuschoaje" {rPois rC+ rN+++ rCorr Int-2}
 11846 | D:10     | Noticed Joseph
 11855 | D:10     | Killed Joseph
 11856 | D:10     | Reached skill level 13 in Stealth
 11952 | D:10     | Noticed Psyche
 11959 | D:10     | Killed Psyche
 11991 | D:10     | Noticed a two-headed ogre
 12024 | D:10     | Killed a two-headed ogre
 12243 | D:10     | Noticed a two-headed ogre
 12244 | D:10     | Noticed a deep elf pyromancer
 12248 | D:10     | Killed a deep elf pyromancer
 12296 | D:10     | Killed a two-headed ogre
 12297 | D:10     | Reached XP level 12. HP: 51/63 MP: 8/13
 12753 | D:11     | Noticed a rakshasa
 12813 | D:11     | HP: 2/94 [stone wall collision (22)]
 12897 | D:11     | Killed a rakshasa
 12949 | D:11     | Noticed Nergalle
 12959 | D:11     | Killed Nergalle
 12974 | D:11     | Found Ilamy's General Store.
 12978 | D:11     | Noticed a death knight
 13066 | D:11     | Killed a death knight
 13067 | D:11     | Reached skill level 1 in Evocations
 13151 | D:11     | Reached skill level 14 in Stealth
 13275 | D:11     | Noticed a centaur warrior
 13276 | D:11     | Noticed a centaur warrior
 13280 | D:11     | Noticed a two-headed ogre
 13353 | D:11     | Killed a centaur warrior
 13486 | D:11     | Noticed a centaur warrior
 13513 | D:11     | Killed a two-headed ogre
 13900 | D:11     | Hit by a large rock thrown by a cyclops

Illustrated notes

Levels and vault maps discovered:
D:1:      matt_arrival_spirals, layout_basic, lexackson_kobold_supper
D:2:      layout_basic, basic_altar, hellmonk_ecumenical_altar_run_dry,
          minmay_misc_feat_plants
D:3:      layout_basic, nicolae_gozag_zags_fifth_avenue
D:4:      layout_loops_ring, xom_confusion_cloud, makhleb_heckhound_becter,
          marbit_many_paths, kennysheep_little_box,
          minmay_temple_entry_offerings, serial_shops, kennysheep_mini,
          cheibrodos_sewer_entry_drain, uniq_sigmund
D:5:      layout_rooms, kennysheep_mini_moat, ebering_ghost_inner_flame,
          uniq_eustachio
D:6:      layout_loops_ring, kennysheep_potato, uniq_crazy_yiuf_cottage
D:7:      layout_basic, slow_altar_2, lemuel_round_altar, minmay_ruffians
D:8:      layout_rooms, kennysheep_okawaru_gauntlet,
          gammafunk_ghost_gnarly_gnolls, st_stairs_5, minmay_crystal_water,
          chequers_serial_rivers_marsh, minmay_evil_grid
D:9:      layout_gridville, general_overflow_altar, erik_lair_orcish_takeover,
          minmay_checkerbox, uniq_maggie, uniq_erolcha
D:10:     layout_stronghold, lightli_fourway_metalbox, uniq_psyche, uniq_joseph
D:11:     minmay_the_grid_octo_tiled_octocenter_mashed
          [minmay_the_grid_octo_toaster, minmay_the_grid_octo_concentric,
          minmay_the_grid_octo_pinwheel, minmay_the_grid_octo_chip,
          minmay_the_grid_octo_prize_square_snowflake,
          minmay_the_grid_square_5x5_eight, minmay_the_grid_square_5x5_detours,
          minmay_the_grid_square_5x5_half_checkered,
          minmay_the_grid_square_5x5_seven], layout_loops_cross, serial_shops,
          shop, minivault_11, kennysheep_orc_sif_temple, uniq_nergalle

Skill      XL: |  1  2  3  4  5  6  7  8  9 10 11 12 |
---------------+-------------------------------------+-----
Fighting       | 3 4 5 7 8 |  8.0
Stealth        | 1 3 4 6 8 10 12 13 14 | 14.8
Short Blades   | 1 3 4 6 8 10 11 12 | 12.0
Dodging        | 5 6 7 9 10 12 13 | 13.6
Armour         | 2 3 4 |  4.2
Evocations     | 1 |  1.6
Maces & Flails | |  2.8
Throwing       | |  0.8

Action                   |  1- 3 |  4- 6 |  7- 9 | 10-12 || total
-------------------------+-------+-------+-------+-------++-------
Melee: Mace              |    76 |       |       |       ||    76
       Short sword       |    31 |   158 |   409 |   754 ||  1352
       Dagger            |       |       |       |    37 ||    37
Throw: Throwing net      |       |       |       |     1 ||     1
       Dart              |       |       |       |     1 ||     1
Invok: Berserk           |     4 |     2 |     8 |    12 ||    26
       Trog's Hand       |       |     5 |     5 |    23 ||    33
       Brothers in Arms  |       |       |     1 |       ||     1
Evoke: Wand              |       |       |       |     5 ||     5
  Use: Scroll            |       |     6 |     5 |    16 ||    27
       Potion            |       |       |     1 |     5 ||     6
 Stab: Sleeping          |     1 |    12 |    13 |    13 ||    39
       Distracted        |       |     1 |     2 |       ||     3
Armor: Animal skin       |    12 |     6 |       |       ||    18
       Robe              |       |     8 |    25 |       ||    33
       Acid dragon scale |       |       |       |    97 ||    97
Dodge: Dodged            |   108 |   109 |   292 |   648 ||  1157

Table legend: (Time is in decaauts)
 A = Elapsed time spent in this place.
 B = Non-inter-level travel time spent in this place.
 C = Inter-level travel time spent in this place.
 D = Time resting spent in this place.
 E = Time spent auto-exploring this place.
 F = Levels seen in this place.
 G = Mean time per level.
                   A        B        C        D        E       F      G
               +--------+--------+--------+--------+--------+-----+--------+
         Total |  10680 |  10434 |    246 |    216 |   7654 |  12 |  890.0 |
       Dungeon |  10428 |  10182 |    246 |    216 |   7495 |  11 |  948.0 |
         Sewer |    252 |    252 |      0 |      0 |    158 |   1 |  252.0 |
               +--------+--------+--------+--------+--------+-----+--------+

Top non-repeatable levels by time:
     D:1: 1346 daAuts
     D:8: 1279 daAuts
     D:2: 1237 daAuts
     D:4: 1156 daAuts
    D:11: 1053 daAuts
     D:6: 853 daAuts
     D:3: 853 daAuts
    D:10: 849 daAuts
     D:5: 681 daAuts
     D:7: 577 daAuts
     D:9: 539 daAuts
   Sewer: 252 daAuts
